 Dungeon Crawl Stone Soup version 0.21.1-1-g345015f (console) character file.

112 tminei the Digger (level 4, -2/25 HPs)
             Began as a Gargoyle Earth Elementalist on July 19, 2018.
             Killed from afar by an orc wizard (8 damage)
             ... with a puff of frost
             ... on level 3 of the Dungeon.
             The game lasted 00:17:54 (2124 turns).

tminei the Digger (Gargoyle Earth Elementalist)     Turns: 2124, Time: 00:17:55

Health: -2/25      AC:  5    Str: 12    XL:     4   Next: 93%
Magic:  0/8        EV: 12    Int: 16    God:
Gold:   143        SH:  0    Dex: 10    Spells: 0/8 levels left

rFire    . . .     SeeInvis .   (no weapon)
rCold    . . .     Gourm    .   (no shield)
rNeg     + + .     Faith    .   l - +0 robe
rPois    ∞         Spirit   .   (no helmet)
rElec    +         Reflect  .   (no cloak)
rCorr    .         Harm     .   (no gloves)
MR       .....                  (no boots)
Stlth    ++........             (no amulet)
HPRegen  0.08/turn              r - ring of positive energy
MPRegen  0.11/turn              (no ring)

@: no status effects
A: negative energy resistance 1, electricity resistance, unbreathing,
petrification resistance, rot immunity, AC +3
a: no special abilities


You were on level 3 of the Dungeon.
You were not hungry.

You visited 1 branch of the dungeon, and saw 3 of its levels.

You collected 143 gold pieces.

Inventory:

Hand Weapons
 g - a +1 club
Missiles
 b - 53 stones (quivered)
 k - 18 bolts
 n - 40 arrows
Armour
 c - a +0 robe
 l - a +0 robe (worn)
 q - a +0 cloak
Jewellery
 j - an uncursed amulet of inaccuracy
 r - a ring of positive energy (left hand)
 w - an uncursed ring of ice {unknown}
Scrolls
 p - 3 scrolls of remove curse
 v - a scroll of identify
 x - a scroll of teleportation {unknown}
Potions
 a - 2 potions of cancellation
 f - a potion of might {unknown}
 i - 2 potions of mutation {unknown}
 m - 2 potions of resistance
 o - 2 potions of curing
 s - a potion of degeneration {unknown}
 t - a potion of magic {unknown}
 u - a potion of lignification {unknown}
Books
 e - a book of Geomancy

   Spells                             Type                      Level
   a - Sandblast                      Earth                        1
   b - Passwall                       Transmutation/Earth          2
   c - Stone Arrow                    Conjuration/Earth            3
   d - Petrify                        Transmutation/Earth          4
   e - Lee's Rapid Deconstruction     Earth                        5
Comestibles
 d - 6 rations
 h - a chunk of flesh


   Skills:
 + Level 1.1 Fighting
 + Level 2.0 Dodging
 * Level 2.8 Stealth
 * Level 2.8 Spellcasting
 - Level 0.7 Transmutations
 + Level 5.0 Earth Magic


You couldn't memorise any spells.
You knew the following spells:

 Your Spells              Type           Power        Failure   Level  Hunger
a - Sandblast             Erth           ###...       2%          1    #......
b - Petrify               Tmut/Erth      ##......     50%         4    #####..
c - Stone Arrow           Conj/Erth      ##....       21%         3    ###....


Dungeon Overview and Level Annotations

Branches:
Dungeon (3/15)

Altars:


Innate Abilities, Weirdness & Mutations

You are resistant to torment.
Your stone body is resilient. (AC +3)
You are immune to poison.
You resist negative energy. (rN+)
You are resistant to electric shocks. (rElec)
You can survive without breathing.
You are immune to petrification.
You are immune to rotting.


Message History

The magic dart hits you!
You take 8 damage, and have 13/25 hp.
MASSIVE DAMAGE!!
Casting: Sandblast
Confirm with . or Enter, or press ? or * to list all spells.
Aiming: Sandblast
Press: ? - help, Shift-Dir - straight line, f - orc wizard
Aim: an orc wizard, wielding a dagger and wearing a robe The blast of sand hits the orc wizard.
The orc wizard is heavily wounded.
b - 53 stones The orc wizard gestures at you while chanting.
The magic dart hits you!
* * * LOW HITPOINT WARNING * * *
You take 7 damage, and have 6/25 hp.
MASSIVE DAMAGE!!
You now have 0/8 mp.
The orc wizard casts a spell at you. The puff of frost hits you!
You die...

Ї. .ЇЇЇЇЇ .. ..Ї.. ..
....Ї Ї.Ї ЇЇ...Ї Ї..
....Ї Ї...ЇЇЇЇЇ Ї...Ї
Ї...Ї...ЇЇЇЇ@..Ї
Ї.........o....Ї
ЇЇЇЇЇЇЇЇЇЇ.....%)...Ї
..........)ЇЇЇЇЇ.Ї..Ї
...............Ї....Ї
...........ЇЇЇ.ЇЇЇ.ЇЇ
..........oЇ Ї...Ї
...........ЇЇЇ.ЇЇ..ЇЇ
....................
...).......Ї.Ї.ЇЇЇЇЇ
...........Ї.Ї
...........Ї.Ї
...........Ї.Ї
..........(Ї.Ї
...........Ї.ЇЇЇ+Ї.
ЇЇЇЇЇЇ............Ї
Ї.....)......Ї
Ї....o.......Ї
Ї............Ї
Ї............Ї
Ї.....o......Ї
Ї............Ї
Ї............Ї


You could see an orc wizard.

Vanquished Creatures
  Jessica (D:3)
  A gnoll (D:1)
  An adder (D:2)
  An ooze (D:1)
  A worm (D:2)
  4 dart slugs
  2 leopard geckos
  An orc (D:3)
  2 giant cockroaches (D:1)
  7 hobgoblins
  A quokka (D:2)
  4 bats
  3 frilled lizards (D:1)
  7 goblins
  9 kobolds
  6 rats
51 creatures vanquished.

Notes
Turn   | Place    | Note
-------+----------+-------------------------------------------
     0 | D:1      | tminei the Gargoyle Earth Elementalist began the quest for the Orb.
     0 | D:1      | Reached XP level 1. HP: 10/10 MP: 3/3
   111 | D:1      | Reached skill level 4 in Earth Magic
   167 | D:1      | Reached XP level 2. HP: 15/15 MP: 1/5
   196 | D:1      | Learned a level 2 spell: Passwall
   469 | D:1      | Reached XP level 3. HP: 19/19 MP: 3/6
   475 | D:1      | Learned a level 3 spell: Stone Arrow
  1115 | D:2      | Reached XP level 4. HP: 24/24 MP: 5/7
  1760 | D:2      | Learned a level 4 spell: Petrify
  1947 | D:3      | Reached skill level 1 in Fighting
  2028 | D:3      | Reached skill level 2 in Dodging
  2050 | D:3      | Reached skill level 5 in Earth Magic
  2090 | D:3      | Noticed Jessica
  2096 | D:3      | Killed Jessica
  2124 | D:3      | Killed from afar by an orc wizard

Skill      XL: |  1  2  3  4 |
---------------+-------------+-----
Earth Magic    | 4 5 |  5.0
Fighting       | 1 |  1.1
Dodging        | 2 |  2.0
Stealth        | |  2.8
Spellcasting   | |  2.8
Transmutations | |  0.7

Action                   |  1- 3 |  4- 6 || total
-------------------------+-------+-------++-------
Melee: Unarmed           |    52 |     7 ||    59
 Cast: Sandblast         |    36 |    24 ||    60
       Stone Arrow       |       |     4 ||     4
  Use: Scroll            |     4 |     3 ||     7
 Stab: Distracted        |       |     1 ||     1
  Eat: Chunk             |     1 |     4 ||     5
Armor: Robe              |    21 |     8 ||    29
Dodge: Dodged            |    52 |     9 ||    61
